 Dungeon Crawl Stone Soup version 0.27.0-1-g7a089689b8 (webtiles) character file.

Game seed: 1585911603884538771

30 Spaninq the Skirmisher (level 3, -1/31 HPs)
             Began as a Minotaur Necromancer on Aug 2, 2021.
             Slain by a dart slug (2 damage)
             ... on level 1 of the Dungeon.
             The game lasted 00:02:50 (760 turns).

Spaninq the Skirmisher (Minotaur Necromancer)        Turns: 760, Time: 00:02:51

Health: -1/31      AC:  3    Str: 13    XL:     3   Next: 5%
Magic:  0/4        EV: 12    Int: 12    God:
Gold:   31         SH:  0    Dex: 10    Spells: 3/4 levels left

rFire    . . .     SeeInvis .   b - +0 dagger
rCold    . . .     Faith    .   (no shield)
rNeg     . . .     Spirit   .   a - +0 robe
rPois    .         Reflect  .   (helmet restricted)
rElec    .         Harm     .   c - +0 cloak {Stlth+}
rCorr    .         Rampage  .   (no gloves)
Will     .....                  (no boots)
Stlth    +++.......             (no amulet)
HPRegen  0.10/turn              (no ring)
MPRegen  0.09/turn              (no ring)

@: no status effects
A: horns 2, retaliatory headbutt
a: no special abilities


You were on level 1 of the Dungeon.
You visited 1 branch of the dungeon, and saw 1 of its levels.

You collected 31 gold pieces.

Inventory:

Hand Weapons
 b - a +0 dagger (weapon)
Armour
 a - a +0 robe (worn)
 c - a +0 cloak of stealth (worn)


   Skills:
 + Level 3.3 Fighting
 - Level 2.1 Dodging
 - Level 1.5 Stealth
 - Level 1.3 Spellcasting
 - Level 2.9 Necromancy


You had 3 spell levels left.
You knew the following spells:

 Your Spells              Type           Power      Damage    Failure   Level
a - Pain                  Necr           28%        1d5       9%          1

Your spell library contained the following spells:

 Spells                   Type           Power      Damage    Failure   Level
 Animate Skeleton         Necr           14%        N/A       9%          1
 Vampiric Draining        Necr           3%         2d6       26%         3
 Animate Dead             Necr           3%         N/A       65%         4
 Agony                    Necr           7%         N/A       94%         5


Dungeon Overview and Level Annotations

Branches:
Dungeon (1/15)

Altars:


Innate Abilities, Weirdness & Mutations

You have a pair of horns on your head.
You reflexively headbutt those who attack you in melee.


Message History

You closely miss the jackal.
The jackal is heavily wounded.
The jackal barely misses you. x2
You closely miss the jackal.
The jackal is heavily wounded.
The jackal barely misses you.
You closely miss the jackal.
The jackal is moderately wounded.
The jackal bites you.
* * * LOW HITPOINT WARNING * * *
You hit the jackal.
The jackal is severely wounded.
The jackal bites you but does no damage. x2
You closely miss the jackal. Your headbutt misses the jackal.
The jackal is severely wounded.
The jackal misses you.
You hit the jackal.
The jackal is almost dead.
The jackal bites you but does no damage.
The jackal bites you.
* * * LOW HITPOINT WARNING * * *
You hit the jackal.
You kill the jackal!
The dart slug closely misses you.
You barely miss the dart slug. The dart slug launches a dart at you.
The slug dart misses you.
Casting: Pain (safe; 9% risk of failure)
Confirm with . or Enter, or press ? or * to list all spells.
Aiming: Pain (safe; 9% risk of failure)
Press: ? - help, Shift-Dir - straight line, f - dart slug
Aim: a dart slug (chance to affect: 71%)
The dart slug writhes in agony.
You hit the dart slug but do no damage.
The dart slug is heavily wounded.
The dart slug barely misses you.
You hit the dart slug but do no damage.
The dart slug is heavily wounded.
The dart slug bites you.
You die...

#####.##....h..
###.######### #......#
#### #......# ....
#.h....# ########
###h#### #....... #.#
##### #.######
#.####...#####.###
#..w@............#
######...##......###
########..............#
#..........###......#.#
#..........# #.)....#.#
#..........# #......# #
#..........# #......#
#..........# #......#
#..........###......#.


You could see a dart slug.

Vanquished Creatures
  A dart slug (D:1)
  4 ball pythons (D:1)
  4 endoplasms (D:1)
  A giant cockroach (D:1)
  2 goblins (D:1)
  7 jackals (D:1)
  2 bats (D:1)
  A frilled lizard (D:1)
  A kobold (D:1)
  2 rats (D:1)
25 creatures vanquished.

Notes
Turn   | Place    | Note
-------+----------+-------------------------------------------
     0 | D:1      | Spaninq the Minotaur Necromancer began the quest for the
                  | Orb.
     0 | D:1      | Reached XP level 1. HP: 14/14 MP: 1/1
   107 | D:1      | Reached skill level 1 in Fighting
   340 | D:1      | Reached skill level 2 in Fighting
   422 | D:1      | Reached XP level 2. HP: 24/24 MP: 3/3
   700 | D:1      | Found a faded altar of an unknown god.
   710 | D:1      | Reached skill level 3 in Fighting
   746 | D:1      | Reached XP level 3. HP: 8/31 MP: 1/4
   760 | D:1      | Slain by a dart slug

Illustrated notes

Levels and vault maps discovered:
D:1:      minmay_arrival_four_loops, layout_basic,
          ebering_ecumenical_altar_abandoned

Skill      XL: |  1  2 |
---------------+-------+-----
Fighting       | 2 3 |  3.3
Dodging        | |  2.1
Stealth        | |  1.5
Spellcasting   | |  1.3
Necromancy     | |  2.9

Action                   || total
-------------------------++-------
Melee: Unarmed           ||     8
       Dagger            ||    55
       Headbutt          ||     7
 Cast: Pain              ||    12
 Stab: Sleeping          ||     6
Armor: Robe              ||    20
Dodge: Dodged            ||    42
